 Dungeon Crawl Stone Soup version 0.30-a0-1074-g5db6f66fbb (webtiles) character file.

Game seed: 17015417671957687082

361 Zeldest the Ducker (level 6, -1/29 HPs)
             Began as a Spriggan Hexslinger on Apr 13, 2023.
             Slain by a white imp (4 damage)
             ... on level 5 of the Dungeon.
             The game lasted 00:05:56 (2955 turns).

Zeldest the Ducker (Spriggan Hexslinger)            Turns: 2955, Time: 00:05:56

Health: -1/29      AC:  2    Str:  6    XL:     6   Next: 38%
Magic:  15/15      EV: 20    Int: 16    God:
Gold:   170        SH:  0    Dex: 16    Spells: 15/16 levels left

rFire   . . .      SeeInvis +    a - +1 sling
rCold   . . .      Faith    .    (no shield)
rNeg    . . .      Spirit   .    c - +0 robe
rPois   .          Reflect  .    (helmet restricted)
rElec   .          Rampage  .    (no cloak)
rCorr   .                        (gloves unavailable)
Will    +....                    (boots unavailable)
Stlth   +                        (no amulet)
HPRegen 0.24/turn                (no ring)
MPRegen 0.14/turn                (no ring)

@: very quick
A: very small, no large weapons, unfitting armour, see invisible, speed 3
a: no special abilities


You were on level 5 of the Dungeon.
You visited 1 branch of the dungeon, and saw 5 of its levels.

You collected 170 gold pieces.

Inventory:

Hand Weapons
 a - a +1 sling (weapon)
 u - a +2 dagger of flaming
Armour
 c - a +0 robe (worn)
Magical Staves
 s - a staff of fire
Scrolls
 b - a scroll of poison
 e - 3 scrolls of fog {unknown}
 g - 2 scrolls of enchant weapon {unknown}
 h - a scroll of amnesia {unknown}
 j - a scroll of magic mapping {unknown}
 o - a scroll of vulnerability {unknown}
 q - 3 scrolls of identify {unknown}
 t - a scroll of torment {unknown}
Potions
 d - a potion of cancellation {unknown}
 f - 3 potions of curing {unknown}
 i - a potion of magic {unknown}
 k - a potion of might {unknown}
 l - a potion of lignification {unknown}
 m - 2 potions of haste {unknown}
 n - a potion of resistance {unknown}
 p - 2 potions of heal wounds {unknown}
 r - a potion of mutation {unknown}


   Skills:
 - Level 0.7 Fighting
 - Level 2.0 Ranged Weapons
 + Level 6.6 Dodging
 + Level 5.6 Spellcasting
 - Level 3.6 Hexes


You had 15 spell levels left.
You knew the following spells:

 Your Spells              Type           Power      Damage    Failure   Level
a - Slow                  Hex            64%        N/A       3%          1

Your spell library contained the following spells:

 Spells                   Type           Power      Damage    Failure   Level
 Inner Flame              Hex/Fire       10%        N/A       21%         3
 Portal Projectile        Hex/Tloc       20%        N/A       21%         3
 Cause Fear               Hex            8%         N/A       32%         4
 Gell's Gravitas          Tloc           4%         N/A       41%         3
 Teleport Other           Tloc           4%         N/A       41%         3
 Dispersal                Tloc           2%         N/A       100%        6


Dungeon Overview and Level Annotations

Branches:
Dungeon (5/15) Zot: 26531
 Temple: D:4-7

Altars:
Elyvilon

Shops:
D:3 =

Annotations:
D:4 Eustachio


Innate Abilities, Weirdness & Mutations

You are very small and have problems with some larger weapons.
You are too small for most types of armour.
You have supernaturally acute eyesight. (SInv)
You cover ground extremely quickly. (Speed+++)


Message History

There is an open door here.
A white imp is nearby!
You shoot a sling bullet. The sling bullet hits the white imp!
The white imp is severely wounded.
The white imp gestures at you. The puff of frost hits you!
You are too injured to fight recklessly!
You are too injured to fight recklessly!
You are too injured to fight recklessly!
You are too injured to fight recklessly!
Fire: a) +1 sling
Press: ? - help, Q - select action, (/) - cycle Shift-Dir - straight line, f/p - white imp
Aim: a white imp (severely wounded, 59% to hit)
You shoot a sling bullet.
The sling bullet barely misses the white imp.
The white imp barely misses you.
Fire: a) +1 sling
Press: ? - help, Q - select action, (/) - cycle Shift-Dir - straight line, f/p - white imp
Aim: a white imp (severely wounded, 59% to hit)
You shoot a sling bullet.
The sling bullet barely misses the white imp.
The white imp hits you. The white imp freezes you.
Fire: a) +1 sling
Press: ? - help, Q - select action, (/) - cycle Shift-Dir - straight line, f/p - white imp
Aim: a white imp (severely wounded, 59% to hit)
You shoot a sling bullet.
The sling bullet closely misses the white imp.
The white imp hits you. The white imp freezes you.
Fire: a) +1 sling
Press: ? - help, Q - select action, (/) - cycle Shift-Dir - straight line, f/p - white imp
Aim: a white imp (severely wounded, 59% to hit)
You shoot a sling bullet. The sling bullet hits the white imp.
The white imp is almost dead.
The white imp gestures at you. The puff of frost hits you.
* * * LOW HITPOINT WARNING * * *
The white imp hits you.
* * * LOW HITPOINT WARNING * * *
The white imp freezes you.
You die...

#####.#####
#.........#
#.........#
#.........#
#.........#
#.........#
#.........# ####5####
#...@...# #.......#
#[....).# ######
####'#### .....# #.#
.....# ###'#####
.....# #.......#
.....#########.......#
#####........#.......#


You could see a white imp.

Vanquished Creatures
  2 scorpions
  A gnoll bouda (D:5)
  7 gnolls (D:5)
  5 adders
  A white imp (D:5)
  An ufetubus (D:4)
  2 dart slugs
  3 orcs
  6 endoplasms
  3 giant cockroaches
  11 goblins
  10 hobgoblins
  4 jackals
  7 quokkas
  6 ball pythons
  6 bats
  A frilled lizard (D:2)
  4 kobolds
  6 rats
86 creatures vanquished.

Notes
Turn   | Place    | Note
-------+----------+-------------------------------------------
     0 | D:1      | Zeldest the Spriggan Hexslinger began the quest for the
                  | Orb.
     0 | D:1      | Reached XP level 1. HP: 9/9 MP: 3/3
    73 | D:1      | Reached skill level 3 in Dodging
   141 | D:1      | Reached XP level 2. HP: 12/14 MP: 6/6
   413 | D:1      | Reached XP level 3. HP: 17/17 MP: 8/8
   490 | D:1      | Reached skill level 4 in Dodging
   747 | D:2      | Found a white marble altar of Elyvilon.
  1197 | D:3      | Reached XP level 4. HP: 21/21 MP: 10/10
  1546 | D:3      | Found Wayhaohym's Jewellery Emporium.
  1720 | D:3      | Reached skill level 5 in Dodging
  2009 | D:4      | Noticed a scorpion
  2044 | D:4      | Noticed an ogre
  2074 | D:4      | Killed a scorpion
  2075 | D:4      | Reached XP level 5. HP: 22/25 MP: 12/12
  2300 | D:4      | Noticed Eustachio
  2401 | D:5      | Entered Level 5 of the Dungeon
  2468 | D:5      | Reached skill level 5 in Spellcasting
  2469 | D:5      | Reached skill level 6 in Dodging
  2596 | D:5      | Reached XP level 6. HP: 29/29 MP: 11/15
  2955 | D:5      | Slain by a white imp

Illustrated notes

Levels and vault maps discovered:
D:1:      nicolae_arrival_memento_mori, layout_basic, minmay_misc_feat_pillars
D:2:      layout_basic, basic_altar, eino_curves_03
D:3:      layout_basic, serial_shops, nicolae_shop_advertising_works
          [nicolae_subvault_shop_adworks]
D:4:      layout_basic, elyvilon_altar_4, uniq_eustachio
D:5:      layout_basic, minmay_temple_entry_fiery

Skill      XL: |  1  2  3  4  5 |
---------------+----------------+-----
Dodging        | 3 4 5 6 |  6.6
Spellcasting   | 2 3 4 5 |  5.6
Fighting       | |  0.7
Ranged Weapons | |  2.0
Hexes          | |  3.6

Action                     |  1- 3 |  4- 6 || total
---------------------------+-------+-------++-------
   Fire: Sling             |   149 |   219 ||   368
   Cast: Slow              |     2 |    17 ||    19
 Armour: Robe              |     5 |    10 ||    15
  Dodge: Dodged            |    48 |   124 ||   172

Table legend: (Time is in decaauts)
 A = Elapsed time spent in this place.
 B = Non-inter-level travel time spent in this place.
 C = Inter-level travel time spent in this place.
 D = Time resting spent in this place.
 E = Time spent auto-exploring this place.
 F = Levels seen in this place.
 G = Mean time per level.
                   A        B        C        D        E       F      G
               +--------+--------+--------+--------+--------+-----+--------+
         Total |   2251 |   2142 |    109 |    431 |    876 |   5 |  450.2 |
       Dungeon |   2251 |   2142 |    109 |    431 |    876 |   5 |  450.2 |
               +--------+--------+--------+--------+--------+-----+--------+

Top non-repeatable levels by time:
     D:3: 607 daAuts
     D:2: 496 daAuts
     D:5: 467 daAuts
     D:1: 437 daAuts
     D:4: 242 daAuts
